 Dungeon Crawl Stone Soup version 0.29.1-12-g30fa7ad0bf (webtiles) character file.

Game seed: 5215085721090912164

284 concernfroge the Fighter (level 6, -4/66 HPs)
             Began as an Ogre Fighter on Jan 1, 2023.
             Slain by a phantom (5 damage)
             ... on level 5 of the Dungeon.
             The game lasted 00:11:59 (3094 turns).

concernfroge the Fighter (Ogre Fighter)             Turns: 3094, Time: 00:12:00

Health: -4/66      AC:  3    Str: 23      XL:     6   Next: 29%
Magic:  6/6        EV:  8    Int: 15      God:
Gold:   157        SH:  6    Dex:  3 (10) Spells: 5/5 levels left

rFire   . . .      SeeInvis .   a - +0 war axe
rCold   . . .      Faith    .   c - +0 kite shield
rNeg    . . .      Spirit   .   b - +0 robe
rPois   .          Reflect  .   (helmet restricted)
rElec   .          Harm     .   (no cloak)
rCorr   .          Rampage  .   (gloves unavailable)
Will    .....                   (boots unavailable)
Stlth   ++........              (no amulet)
HPRegen 0.21/turn               j - +6 ring of intelligence
MPRegen 0.10/turn               o - ring of flight

@: flying
A: large, unfitting armour, tough skin 1, thin skeletal structure 1, frail 1
a: no special abilities


You were on level 5 of the Dungeon.
You visited 1 branch of the dungeon, and saw 5 of its levels.

You collected 157 gold pieces.

Inventory:

Hand Weapons
 a - a +0 war axe (weapon)
Armour
 b - a +0 robe (worn)
 c - a +0 kite shield (worn)
Magical Staves
 q - a staff of death
Jewellery
 j - a +6 ring of intelligence (left hand)
 o - a ring of flight (right hand)
Scrolls
 l - a scroll of identify
Potions
 e - a potion of degeneration


   Skills:
 + Level 8.5 Fighting
 - Level 2.0 Axes
 - Level 2.0 Throwing
 - Level 2.6 Dodging
 - Level 3.0 Shields


You had 5 spell levels left.
You didn't know any spells.
Your spell library contained the following spells:

 Spells                   Type           Power      Damage    Failure   Level
 Scorch                   Fire           0%         2d5       67%         2
 Flame Wave               Conj/Fire      0%         2d4       99%         4
 Summon Cactus Giant      Summ           0%         N/A       100%        6


Dungeon Overview and Level Annotations

Branches:
Dungeon (5/15)
 Temple: D:4-7

Altars:

Annotations:
D:4 exclusion: orc wizard, Eustachio


Innate Abilities, Weirdness & Mutations

You are too large for most types of armour.
You have tough skin. (AC +1)
You have a somewhat thin skeletal structure. (Dex +2, Stealth+)
You are frail. (-10% HP)


Message History

The goblin attacks as you move away! The goblin misses you.
The crimson imp blinks!
The goblin attacks as you move away! The goblin hits you but does no damage.
The rat disappears in a puff of smoke!
Found a stone staircase leading down.
Eustachio mumbles some strange words.
You see here a poisoned dart.
The rat disappears in a puff of smoke!
The shadow imp disappears in a puff of smoke!
There is a stone staircase leading down here.
You fly downwards.
Found a stone staircase leading down.
There is a stone staircase leading up here.
The helpless phantom fails to defend itself.
You hit the phantom.
The phantom is moderately damaged.
You block the phantom's attack. x2
You hit the phantom.
The phantom is moderately damaged.
The phantom hits you.
* * * LOW HITPOINT WARNING * * *
You barely miss the phantom.
The phantom is moderately damaged.
The phantom closely misses you. The phantom hits you.
* * * LOW HITPOINT WARNING * * *
You slash the phantom!
The phantom is heavily damaged.
The phantom hits you.
* * * LOW HITPOINT WARNING * * *
You slash the phantom!
The phantom is almost destroyed.
The phantom hits you.
* * * LOW HITPOINT WARNING * * *
The phantom blinks!
You blink.
The phantom hits you.
* * * LOW HITPOINT WARNING * * *
The phantom blinks!
You blink.
You closely miss the phantom.
The phantom is almost destroyed.
The phantom hits you.
You die...

###.....####..
###...........
##...........##
#.............#
##.......§§§...##
##...........§...#
.................#
#......>.........#
##.@W.......###
#####.....##
#######


You could see a phantom.

Vanquished Creatures
  Duvessa (D:4)
  Dowan (D:4)
  A hound (D:4)
  An iguana (D:4)
  An adder (D:2)
  A worm (D:2)
  2 dart slugs (D:1)
  6 ball pythons
  A bat (D:2)
  6 endoplasms
  4 giant cockroaches
  5 hobgoblins
  11 jackals
  A quokka (D:3)
  5 frilled lizards
  4 goblins
  7 kobolds
  2 rats (D:1)
60 creatures vanquished.

Vanquished Creatures (others)
  A plant (D:1)
1 creature vanquished.

Grand Total: 61 creatures vanquished

Notes
Turn   | Place    | Note
-------+----------+-------------------------------------------
     0 | D:1      | concernfroge the Ogre Fighter began the quest for the Orb.
     0 | D:1      | Reached XP level 1. HP: 24/24 MP: 1/1
   351 | D:1      | Reached XP level 2. HP: 29/33 MP: 2/2
   504 | D:1      | Reached skill level 5 in Fighting
   698 | D:1      | Reached XP level 3. HP: 39/42 MP: 3/3
   983 | D:1      | Found a faded altar of an unknown god.
  1757 | D:2      | Reached skill level 6 in Fighting
  1968 | D:2      | Reached skill level 1 in Throwing
  1968 | D:2      | Reached XP level 4. HP: 36/52 MP: 4/4
  2723 | D:3      | You are sucked into a shaft and drop 2 floors!
  2723 | D:5      | Entered Level 5 of the Dungeon
  2726 | D:5      | Noticed an ogre
  2726 | D:5      | Noticed a necrophage
  2728 | D:5      | Noticed a phantom
  2728 | D:5      | Noticed a black bear
  2977 | D:4      | Noticed Dowan
  2983 | D:4      | Noticed Duvessa
  3007 | D:4      | Killed Duvessa
  3008 | D:4      | Reached skill level 7 in Fighting
  3008 | D:4      | Reached XP level 5. HP: 63/63 MP: 5/5
  3010 | D:4      | Killed Dowan
  3011 | D:4      | Reached skill level 8 in Fighting
  3011 | D:4      | Reached XP level 6. HP: 74/74 MP: 6/6
  3013 | D:4      | Noticed Eustachio
  3019 | D:4      | Gained mutation: You are frail. (-10% HP) [potion of
                  | mutation]
  3019 | D:4      | Gained mutation: You have a somewhat thin skeletal
                  | structure. (Dex +2, Stealth+) [potion of mutation]
  3093 | D:5      | HP: 1/66 [phantom (5)]
  3094 | D:5      | Slain by a phantom

Illustrated notes

Levels and vault maps discovered:
D:1:      giann_forest_graveyard, layout_basic, basic_ecumenical_altar,
          serial_bayou_lagoon_a, minmay_misc_feat_iff
D:2:      layout_basic
D:3:      layout_basic
D:4:      layout_gridville, minitemple, uniq_grinder, uniq_eustachio,
          uniq_duvessa
D:5:      layout_cave_pods, serial_shops, nicolae_take_the_stairs,
          minmay_fractal_squares_5

Skill      XL: |  1  2  3  4  5 |
---------------+----------------+-----
Fighting       | 5 6 7 8 |  8.5
Throwing       | 1 2 |  2.0
Axes           | |  2.0
Dodging        | |  2.6
Shields        | |  3.0

Action                   |  1- 3 |  4- 6 || total
-------------------------+-------+-------++-------
Melee: War axe           |   154 |    50 ||   204
Throw: Dart              |     2 |    19 ||    21
       Stone             |       |     9 ||     9
  Use: Scroll            |       |     7 ||     7
       Potion            |       |     7 ||     7
 Stab: Sleeping          |       |     1 ||     1
Armor: Robe              |    39 |    34 ||    73
       Skin              |       |     7 ||     7
Dodge: Dodged            |    62 |    37 ||    99
Block: Kite shield       |    55 |    41 ||    96
